 Dungeon Crawl Stone Soup version 0.30-a0-782-ge64f9170bb (webtiles) character file.

Game seed: 1713588250801496926

105 funkygono the Grave Robber (level 4, -2/30 HPs)
             Began as a Demonspawn Necromancer on Mar 10, 2023.
             Killed from afar by Sigmund (12 damage)
             ... with a magic dart
             ... on level 3 of the Dungeon.
             The game lasted 00:03:05 (1906 turns).

funkygono the Grave Robber (Demonspawn Necromancer) Turns: 1906, Time: 00:03:06

Health: -2/30      AC:  5    Str:  8    XL:     4   Next: 54%
Magic:  1/8        EV: 12    Int: 19    God:
Gold:   128        SH:  0    Dex: 13    Spells: 5/9 levels left

rFire   . . .      SeeInvis .    k - +2 whip (freeze)
rCold   . . .      Faith    .    (no shield)
rNeg    . . .      Spirit   .    a - +0 robe
rPois   .          Reflect  .    (no helmet)
rElec   .          Harm     .    (no cloak)
rCorr   +          Rampage  .    q - +2 pair of gloves
Will    .....                    (no boots)
Stlth   ++                       (no amulet)
HPRegen 0.25/turn                h - ring of wizardry
MPRegen 0.11/turn                l - ring of resist corrosion

@: no status effects
A: weakness stinger 1
a: no special abilities


You were on level 3 of the Dungeon.
You visited 1 branch of the dungeon, and saw 3 of its levels.

You collected 128 gold pieces.

Inventory:

Hand Weapons
 k - a +2 whip of freezing (weapon)
Armour
 a - a +0 robe (worn)
 q - a +2 pair of gloves (worn)
Jewellery
 h - a ring of wizardry (left hand)
 l - a ring of resist corrosion (right hand)
 p - a ring of positive energy
Wands
 r - a wand of flame (21)
Scrolls
 c - 3 scrolls of teleportation
 i - a scroll of summoning {unknown}
 j - a scroll of enchant armour {unknown}
Potions
 b - a potion of magic
 d - a potion of attraction {unknown}
 e - a potion of resistance {unknown}
 f - a potion of invisibility {unknown}
 g - a potion of heal wounds {unknown}
 m - a potion of curing {unknown}
 n - a potion of berserk rage {unknown}
 o - a potion of mutation {unknown}


   Skills:
 + Level 0.2 Maces & Flails
 + Level 2.0 Dodging
 - Level 1.7 Stealth
 + Level 3.1 Spellcasting
 + Level 5.7 Necromancy


You had 5 spell levels left.
You knew the following spells:

 Your Spells              Type           Power      Damage    Failure   Level
a - Necrotise             Necr           96%        1d8       1%          1
b - Vampiric Draining     Necr           24%        2d7       1%          3

Your spell library contained the following spells:

 Spells                   Type           Power      Damage    Failure   Level
 Animate Dead             Necr           24%        N/A       6%          4
 Agony                    Necr           24%        N/A       16%         5
 Borgnjor's Revivificati  Necr           12%        N/A       100%        8
 Necromutation            Tmut/Necr      6%         N/A       100%        8
 Death's Door             Necr           12%        N/A       100%        9


Dungeon Overview and Level Annotations

Branches:
Dungeon (3/15)

Altars:

Annotations:
D:3 Sigmund


Innate Abilities, Weirdness & Mutations

You have a small tail.


Message History

Press: ? - help, Shift-Dir - straight line, f/p - Sigmund
Aim: Sigmund, wielding a +0 scythe and wearing a +0 robe (lightly wounded, chance to affect: 88%) Sigmund writhes in agony.
Casting: Necrotise (safe; 1% risk of failure)
Confirm with . or Enter, or press ? or * to list all spells.
Aiming: Necrotise (safe; 1% risk of failure)
Press: ? - help, Shift-Dir - straight line, f/p - Sigmund
Aim: Sigmund, wielding a +0 scythe and wearing a +0 robe (lightly wounded, chance to affect: 88%) Sigmund writhes in agony.
Sigmund hits you from afar with a +0 scythe!
Casting: Necrotise (safe; 1% risk of failure)
Confirm with . or Enter, or press ? or * to list all spells.
Aiming: Necrotise (safe; 1% risk of failure)
Press: ? - help, Shift-Dir - straight line, f/p - Sigmund
Aim: Sigmund, wielding a +0 scythe and wearing a +0 robe (lightly wounded, chance to affect: 88%) Sigmund writhes in agony.
Casting: Necrotise (safe; 1% risk of failure)
Confirm with . or Enter, or press ? or * to list all spells.
Aiming: Necrotise (safe; 1% risk of failure)
Press: ? - help, Shift-Dir - straight line, f/p - Sigmund
Aim: Sigmund, wielding a +0 scythe and wearing a +0 robe (moderately wounded, chance to affect: 88%) Sigmund writhes in agony.
Sigmund gestures at you while chanting. You resist with some effort.
Casting: Necrotise (safe; 1% risk of failure)
Confirm with . or Enter, or press ? or * to list all spells.
Aiming: Necrotise (safe; 1% risk of failure)
Press: ? - help, Shift-Dir - straight line, f/p - Sigmund
Aim: Sigmund, wielding a +0 scythe and wearing a +0 robe (heavily wounded, chance to affect: 88%) Sigmund writhes in agony.
Sigmund hits you from afar with a +0 scythe.
Casting: Necrotise (safe; 1% risk of failure)
Confirm with . or Enter, or press ? or * to list all spells.
Aiming: Necrotise (safe; 1% risk of failure)
Press: ? - help, Shift-Dir - straight line, f/p - Sigmund
Aim: Sigmund, wielding a +0 scythe and wearing a +0 robe (heavily wounded, chance to affect: 88%) Sigmund writhes in agony!
Sigmund gestures at you while chanting. The magic dart hits you!
You die...

..........#
..........#
..........#
..........######
.B.............#####
...............'..>#
.....)#...@....###.#
......#####....# #.#
...... #.@..###.#
..@..
#......#.########
..$..
#......#........#
#............[..# .
##..........)....#
..
#................#
..
#......##'########
#.#......##.#
#...........#


You could see Sigmund.

Vanquished Creatures
  Terence (D:3)
  A gnoll (D:1)
  2 adders
  3 dart slugs
  3 orcs (D:3)
  4 endoplasms
  5 goblins
  5 hobgoblins
  5 kobolds
  2 quokkas (D:1)
  A ball python (D:2)
  4 bats
  4 frilled lizards (D:2)
  4 rats (D:1)
44 creatures vanquished.

Notes
Turn   | Place    | Note
-------+----------+-------------------------------------------
     0 | D:1      | funkygono the Demonspawn Necromancer began the quest for
                  | the Orb.
     0 | D:1      | Reached XP level 1. HP: 13/13 MP: 3/3
   276 | D:1      | Gained mutation: You have a small tail. [demonic ancestry]
   276 | D:1      | Reached XP level 2. HP: 19/19 MP: 1/5
   354 | D:1      | Reached skill level 5 in Necromancy
   721 | D:1      | Reached XP level 3. HP: 24/24 MP: 3/6
   999 | D:1      | Learned a level 3 spell: Vampiric Draining
  1673 | D:3      | Noticed Terence
  1681 | D:3      | Killed Terence
  1682 | D:3      | Reached XP level 4. HP: 13/30 MP: 1/8
  1889 | D:3      | Noticed Sigmund
  1906 | D:3      | Killed from afar by Sigmund

Illustrated notes

Levels and vault maps discovered:
D:1:      dpeg_arrival_more_subterranean_lakeside_camping, layout_loops_ring
D:2:      layout_rooms
D:3:      layout_basic, minmay_misc_feat_x, uniq_sigmund, uniq_terence

Skill      XL: |  1  2  3 |
---------------+----------+-----
Dodging        | 2 |  2.0
Necromancy     | 5 |  5.7
Spellcasting   | 3 |  3.1
Maces & Flails | |  0.2
Stealth        | |  1.7

Action                     |  1- 3 |  4- 6 || total
---------------------------+-------+-------++-------
  Melee: Unarmed           |     6 |       ||     6
         Club              |     8 |       ||     8
         Tailslap          |     1 |       ||     1
         Whip              |     1 |       ||     1
   Cast: Necrotise         |    70 |    17 ||    87
    Use: Scroll            |     1 |       ||     1
 Armour: Robe              |     4 |       ||     4
  Dodge: Dodged            |    16 |     5 ||    21

Table legend: (Time is in decaauts)
 A = Elapsed time spent in this place.
 B = Non-inter-level travel time spent in this place.
 C = Inter-level travel time spent in this place.
 D = Time resting spent in this place.
 E = Time spent auto-exploring this place.
 F = Levels seen in this place.
 G = Mean time per level.
                   A        B        C        D        E       F      G
               +--------+--------+--------+--------+--------+-----+--------+
         Total |   1908 |   1841 |     67 |     42 |   1510 |   3 |  636.0 |
       Dungeon |   1908 |   1841 |     67 |     42 |   1510 |   3 |  636.0 |
               +--------+--------+--------+--------+--------+-----+--------+

Top non-repeatable levels by time:
     D:1: 1028 daAuts
     D:2: 617 daAuts
     D:3: 262 daAuts
